AoeStats
← s31415

Arabian Desert

510167518Analyzed
1v1 RM · 2d ago on Sep 29, 2026· 43m 44s· 2 players
Game mode
Random Map
Map size
Tiny (2 player)
Population
200
Speed
Normal
Resources
Standard
Victory
Conquest
Starting age
Dark Age
Ending age
Imperial Age
RankedLock teamsTeams togetherTeam positionsShared explorationLock speedFull tech treeHidden civsTurbo modeCheats
Victory
Defeat
🇨🇱 Spanish · Chile
858
+15
🇭🇺 Mongols · Hungary
842
-15
s31415
9:09 Feudal Age
9:48 Double-Bit Axe
14:34 Loom
18:54 Castle Age
19:54 Bow Saw
24:50 Horse Collar
25:39 Gold Mining
27:13 Gold Mining
28:55 Wheelbarrow
28:24 Heavy Plow
29:47 Gold Shaft Mining
30:46 Forging
31:56 Scale Barding Armor
32:38 Hand Cart
35:38 Iron Casting
35:43 Bloodlines
37:07 Chain Barding Armor
38:02 Stone Mining
38:03 Town Watch
38:49 Elite Skirmisher
40:40 Fletching
40:51 Padded Archer Armor
42:41 Ballistics
Sir Paul
8:02 Loom
10:47 Feudal Age
11:56 Double-Bit Axe
14:36 Bloodlines
21:29 Castle Age
20:26 Horse Collar
24:43 Stone Mining
26:02 Bow Saw
26:46 Wheelbarrow
26:02 Town Watch
26:59 Stone Shaft Mining
26:49 Husbandry
27:44 Heavy Plow
29:32 Hand Cart
29:18 Town Patrol
31:28 Gold Mining
31:44 Padded Archer Armor
33:19 Inquisition
39:35 Imperial Age
38:38 Leather Archer Armor
39:48 Elite Conquistador
43:22 Ring Archer Armor
Connection lost

Rejoining the realm…

Still unreachable

The connection could not be restored.

Session expired

The server has moved on; the page needs a fresh start.